AoeStats
← Rosetin

Black Forest

510898541Analyzed
2v2 RM · 20h ago on Oct 3, 2026· 39m 19s· 4 players
Game mode
Random Map
Map size
Medium (4 player)
Population
200
Speed
Normal
Resources
Standard
Victory
Conquest
Starting age
Dark Age
Ending age
Imperial Age
RankedLock teamsTeams togetherTeam positionsShared explorationLock speedFull tech treeHidden civsTurbo modeCheats
Victory
Defeat
🇲🇽 Burgundians · Mexico
1057
+14
🇺🇸 Turks · United States
1035
+15
🇦🇷 Bulgarians · Argentina
1017
-14
🇦🇷 Bohemians · Argentina
1016
-15
MaseSump15
10:30 Loom
12:43 Feudal Age
13:11 Double-Bit Axe
13:07 Horse Collar
19:04 Castle Age
19:47 Heavy Plow
19:58 Bow Saw
22:31 Wheelbarrow
22:33 Fletching
24:45 Hand Cart
24:49 Stone Mining
25:36 Bodkin Arrow
26:11 Ballistics
26:28 Forging
26:19 Padded Archer Armor
26:23 Gold Mining
28:12 Iron Casting
28:22 Husbandry
28:33 Bloodlines
28:46 Scale Barding Armor
29:38 Leather Archer Armor
31:35 Chain Barding Armor
35:33 Imperial Age
34:11 Town Watch
35:59 Elite Janissary
37:26 Gold Shaft Mining
37:38 Plate Barding Armor
38:05 Blast Furnace
39:31 Masonry
39:26 Bracer
39:56 Ring Archer Armor
39:30 Artillery
39:22 Fishing Lines
BarbarianDave117
0:37 Loom
15:52 Feudal Age
16:33 Double-Bit Axe
16:29 Horse Collar
23:39 Castle Age
22:16 Gold Mining
23:06 Bow Saw
24:24 Cavalier
26:15 Wheelbarrow
25:49 Scale Barding Armor
25:55 Forging
28:15 Town Watch
28:53 Chain Barding Armor
34:38 Iron Casting
Rosetin
1:15 Loom
13:38 Feudal Age
18:11 Castle Age
16:08 Double-Bit Axe
16:48 Horse Collar
20:18 Wheelbarrow
20:18 Bow Saw
20:26 Heavy Plow
25:10 Hand Cart
26:29 Town Watch
26:38 Gold Mining
31:40 Imperial Age
30:32 Pikeman
31:53 Forging
35:39 Imperial Age
34:02 Squires
34:58 Iron Casting
37:04 Imperial Age
37:22 Scale Mail Armor
38:33 Halberdier
egt
1:27 Loom
12:52 Feudal Age
16:29 Town Watch
19:05 Castle Age
18:29 Double-Bit Axe
18:30 Horse Collar
20:23 Fletching
20:45 Forging
21:46 Wheelbarrow
25:15 Heavy Plow
27:20 Fervor
28:21 Hand Cart
27:59 Fishing Lines
33:58 Imperial Age
32:38 Chemistry
33:40 Masonry
33:29 Pikeman
34:15 Scale Mail Armor
34:52 Iron Casting
34:56 Ballistics
34:34 Murder Holes
34:55 Halberdier
35:37 Squires
35:59 Bow Saw
37:37 Chain Mail Armor
38:23 Blast Furnace
37:39 Siege Engineers
Connection lost

Rejoining the realm…

Still unreachable

The connection could not be restored.

Session expired

The server has moved on; the page needs a fresh start.